MLB
TORONTO BLUE JAYS @ KANSAS CITY ROYALS
07/15/2044
 
TOP OF THE 1ST
Toronto Blue Jays batting - Pitching for Kansas City Royals : RHP Oscar Banda
Pitching: RHP Oscar Banda
Batting: LHB Jon Schick 0-0: Ball
1-0: Ball
2-0: Called Strike
2-1: DOUBLE (Line Drive, 9LM, EV 103.8 MPH)
Batting: LHB Gabe White 0-0: Foul Ball, location: 2F
0-1: Fly out, F9 (Flyball, 9, EV 90.0 MPH)
Batting: SHB Matt Altieri 0-0: Ball
1-0: Swinging Strike
1-1: Called Strike
1-2: Foul Ball, location: 2F
1-2: Ball
2-2: Ground out 4-3 (Groundball, 4M, EV 106.9 MPH)
Jon Schick to third
Batting: RHB Ruben Velasco 0-0: Ball
1-0: Swinging Strike
1-1: Ball
2-1: Called Strike
2-2: Fly out, F8 (Flyball, 8LM, EV 93.1 MPH)
Top of the 1st over - 0 runs, 1 hit, 0 errors, 1 left on base; Toronto 0 - Kansas City 0
BOTTOM OF THE 1ST
Kansas City Royals batting - Pitching for Toronto Blue Jays : LHP Stacy Hootentootin
Pitching: LHP Stacy Hootentootin
Batting: SHB Tony Prado 0-0: Foul Ball, location: 2F
0-1: Foul Ball, location: 2F
0-2: Ball
1-2: SINGLE (Groundball, 6MD, EV 97.5 MPH)
Batting: SHB Gareth Busby 0-0: Ball
1-0: Sac Bunt to 5S - play at first, batter OUT! 5-3
Tony Prado to second
Batting: LHB Mike Meyerhoff 0-0: Fly out, F5 (Popup, 6S, EV 78.8 MPH)
Batting: RHB Mike Jaquez 0-0: Called Strike
0-1: Ball
1-1: Swinging Strike
1-2: Strikes out swinging
Bottom of the 1st over - 0 runs, 1 hit, 0 errors, 1 left on base; Toronto 0 - Kansas City 0
TOP OF THE 2ND
Toronto Blue Jays batting - Pitching for Kansas City Royals : RHP Oscar Banda
Batting: RHB Kirk Arp 0-0: Ground out 6-3 (Groundball, 6, EV 78.1 MPH)
Batting: SHB Zory Larikov 0-0: Ball
1-0: Ground out 5-3 (Groundball, 56, EV 81.9 MPH)
Batting: RHB Shigem Kubo 0-0: Fly out, F8 (Flyball, 8LXD, EV 105.6 MPH)
Top of the 2nd over - 0 runs, 0 hits, 0 errors, 0 left on base; Toronto 0 - Kansas City 0
BOTTOM OF THE 2ND
Kansas City Royals batting - Pitching for Toronto Blue Jays : LHP Stacy Hootentootin
Batting: RHB Adam Martin 0-0: Called Strike
0-1: Ball
1-1: Ball
2-1: Foul Ball, location: 2F
2-2: Ground out 5-3 (Groundball, 5, EV 95.0 MPH)
Batting: RHB Aaron Matthews 0-0: Ball
1-0: Ball
2-0: Called Strike
2-1: TRIPLE (Flyball, 78XD, EV 91.9 MPH)
Batting: RHB Imbart Faber 0-0: Ball
1-0: Ball
2-0: Swinging Strike
2-1: Ball
3-1: Base on Balls
Batting: LHB Zion Davidson 0-0: Ball
1-0: Ball
2-0: Fly out, F8 (Line Drive, 8RS, EV 98.8 MPH)
Batting: RHB Alberto Rosales 0-0: Fielders Choice at 2nd, 6-4 (Groundball, 56, EV 101.3 MPH)
Bottom of the 2nd over - 0 runs, 1 hit, 0 errors, 2 left on base; Toronto 0 - Kansas City 0
TOP OF THE 3RD
Toronto Blue Jays batting - Pitching for Kansas City Royals : RHP Oscar Banda
Batting: SHB Dylan Novakowski 0-0: Ball
1-0: Called Strike
1-1: DOUBLE (Flyball, 89D, EV 89.4 MPH)
Batting: RHB Tommy Mize 0-0: Ball
1-0: SINGLE (Groundball, 34D, EV 105.6 MPH)
Dylan Novakowski to third
Batting: LHB Jon Schick 0-0: Swinging Strike
0-1: Ball
1-1: Ball
2-1: DOUBLE (Line Drive, 78XD, EV 111.3 MPH)
Dylan Novakowski scores
Tommy Mize to third
Batting: LHB Gabe White 0-0: Called Strike
0-1: Ball
1-1: Ball
2-1: Ball
3-1: Called Strike
3-2: Base on Balls
Batting: SHB Matt Altieri 0-0: Ball
1-0: Ball
2-0: Called Strike
2-1: Swinging Strike
2-2: Ball
3-2: Base on Balls
Tommy Mize scores
Jon Schick to third
Gabe White to second
Batting: RHB Ruben Velasco 0-0: Called Strike
0-1: Ball
1-1: Ball
2-1: Foul Ball, location: 2F
2-2: Foul Ball, location: 2F
2-2: Ball
3-2: GRAND SLAM HOME RUN (Flyball, 9LD, EV 95.6 MPH), Distance : 347 ft
Batting: RHB Kirk Arp 0-0: Swinging Strike
0-1: Ball
1-1: Swinging Strike
1-2: Strikes out swinging
Batting: SHB Zory Larikov 0-0: Ball
1-0: Ball
2-0: Swinging Strike
2-1: Ball
3-1: Ground out 4-3 (Groundball, 34D, EV 86.9 MPH)
Batting: RHB Shigem Kubo 0-0: Foul Ball, location: 2F
0-1: Ground out 5-3 (Groundball, 56, EV 80.6 MPH)
Top of the 3rd over - 6 runs, 4 hits, 0 errors, 0 left on base; Toronto 6 - Kansas City 0
BOTTOM OF THE 3RD
Kansas City Royals batting - Pitching for Toronto Blue Jays : LHP Stacy Hootentootin
Batting: SHB Tony Prado 0-0: Called Strike
0-1: TRIPLE (Line Drive, 9D, EV 98.1 MPH)
Batting: SHB Gareth Busby 0-0: Called Strike
0-1: Foul Ball, location: 2F
0-2: Ground out 3-1 (Groundball, 34, EV 98.8 MPH)
Tony Prado scores
Batting: LHB Mike Meyerhoff 0-0: Called Strike
0-1: Swinging Strike
0-2: Ball
1-2: Foul Ball, location: 2F
1-2: Strikes out swinging, 2-3 out at first.
Batting: RHB Mike Jaquez 0-0: Called Strike
0-1: Foul Ball, location: 2F
0-2: Strikes out swinging
Bottom of the 3rd over - 1 run, 1 hit, 0 errors, 0 left on base; Toronto 6 - Kansas City 1
TOP OF THE 4TH
Toronto Blue Jays batting - Pitching for Kansas City Royals : RHP Oscar Banda
Pitching: RHP Nick Harmon
Batting: SHB Dylan Novakowski 0-0: Ball
1-0: DOUBLE (Line Drive, 7LS, EV 110.0 MPH)
Batting: RHB Tommy Mize 0-0: Called Strike
0-1: Foul Ball, location: 2F
0-2: Ball
1-2: Foul Ball, location: 2F
1-2: Fly out, F3 (Popup, 34S, EV 84.4 MPH)
Batting: LHB Jon Schick 0-0: Ball
1-0: Fly out, F7 (Flyball, 7S, EV 86.3 MPH)
Batting: LHB Gabe White 0-0: Hit by Pitch
Batting: SHB Matt Altieri 0-0: Swinging Strike
0-1: Ball
1-1: Foul Ball, location: 2F
1-2: Ball
2-2: SINGLE (Line Drive, 34D, EV 94.4 MPH)
Dylan Novakowski to third
Gabe White to second
Runner from 3rd tries for Home, SAFE, throw by RF to home
Batting: RHB Ruben Velasco 0-0: Ball
1-0: Foul Ball, location: 2F
1-1: Foul Ball, location: 2F
1-2: Ground out 1-3 (Groundball, 13S, EV 71.9 MPH)
Top of the 4th over - 1 run, 2 hits, 0 errors, 2 left on base; Toronto 7 - Kansas City 1
BOTTOM OF THE 4TH
Kansas City Royals batting - Pitching for Toronto Blue Jays : LHP Stacy Hootentootin
Batting: RHB Adam Martin 0-0: Foul Ball, location: 2F
0-1: Ball
1-1: Swinging Strike
1-2: Ball
2-2: SINGLE (Groundball, 4MD, EV 98.1 MPH)
Batting: RHB Aaron Matthews 0-0: Grounds into double play, 5-4-3 (Groundball, 56S, EV 85.0 MPH)
Batting: RHB Imbart Faber 0-0: Swinging Strike
0-1: Foul Ball, location: 2F
0-2: Ball
1-2: Ball
2-2: Strikes out swinging
Bottom of the 4th over - 0 runs, 1 hit, 0 errors, 0 left on base; Toronto 7 - Kansas City 1
TOP OF THE 5TH
Toronto Blue Jays batting - Pitching for Kansas City Royals : RHP Nick Harmon
Batting: RHB Kirk Arp 0-0: Called Strike
0-1: Ball
1-1: Ball
2-1: Swinging Strike
2-2: Ball
3-2: Strikes out swinging
Batting: SHB Zory Larikov 0-0: Ball
1-0: Ground out 1-3 (Groundball, 13, EV 66.9 MPH)
Batting: RHB Shigem Kubo 0-0: Called Strike
0-1: Called Strike
0-2: Foul Ball, location: 2F
0-2: Ball
1-2: Ball
2-2: Strikes out swinging
Top of the 5th over - 0 runs, 0 hits, 0 errors, 0 left on base; Toronto 7 - Kansas City 1
BOTTOM OF THE 5TH
Kansas City Royals batting - Pitching for Toronto Blue Jays : LHP Stacy Hootentootin
Batting: LHB Zion Davidson 0-0: Ball
1-0: Foul Ball, location: 2F
1-1: Called Strike
1-2: Strikes out swinging, 2-3 out at first.
Batting: RHB Alberto Rosales 0-0: Foul Ball, location: 2F
0-1: Ball
1-1: Called Strike
1-2: Ball
2-2: Foul Ball, location: 2F
2-2: Ground out 6-3 (Groundball, 6M, EV 86.9 MPH)
Batting: SHB Tony Prado 0-0: Foul Ball, location: 2F
0-1: Foul Ball, location: 2F
0-2: Ball
1-2: Foul Ball, location: 2F
1-2: Ball
2-2: Foul Ball, location: 2F
2-2: Ball
3-2: Foul Ball, location: 2F
3-2: DOUBLE (Line Drive, 7LM, EV 103.8 MPH)
Batting: SHB Gareth Busby 0-0: Ball
1-0: Fly out, F9 (Flyball, 9D, EV 91.3 MPH)
Bottom of the 5th over - 0 runs, 1 hit, 0 errors, 1 left on base; Toronto 7 - Kansas City 1
TOP OF THE 6TH
Toronto Blue Jays batting - Pitching for Kansas City Royals : RHP Nick Harmon
Batting: SHB Dylan Novakowski 0-0: Ball
1-0: Fly out, F8 (Flyball, 8RXD, EV 99.4 MPH)
Batting: RHB Tommy Mize 0-0: Ball
1-0: Ball
2-0: Ball
3-0: Base on Balls
Batting: LHB Jon Schick 0-0: Called Strike
0-1: Called Strike
0-2: Ball
1-2: TRIPLE (Flyball, 89XD, EV 107.5 MPH)
Tommy Mize scores
Batting: LHB Gabe White 0-0: Ground out 4-3 (Groundball, 4, EV 78.1 MPH)
Jon Schick scores
Batting: SHB Matt Altieri 0-0: Foul Ball, location: 2F
0-1: Called Strike
0-2: Ball
1-2: Foul Ball, location: 2F
1-2: Ball
2-2: Ball
3-2: Ground out U3 (Groundball, 34, EV 88.8 MPH)
Top of the 6th over - 2 runs, 1 hit, 0 errors, 0 left on base; Toronto 9 - Kansas City 1
BOTTOM OF THE 6TH
Kansas City Royals batting - Pitching for Toronto Blue Jays : LHP Stacy Hootentootin
Batting: LHB Mike Meyerhoff 0-0: Ball
1-0: Foul Ball, location: 2F
1-1: Ball
2-1: Called Strike
2-2: Foul Ball, location: 2F
2-2: Ball
3-2: Fly out, F8 (Flyball, 89D, EV 84.4 MPH)
Batting: RHB Mike Jaquez 0-0: Ball
1-0: Ground out 5-3 (Groundball, 5, EV 80.6 MPH)
Batting: RHB Adam Martin 0-0: Swinging Strike
0-1: Fly out, F6 (Popup, 6MS, EV 78.8 MPH)
Bottom of the 6th over - 0 runs, 0 hits, 0 errors, 0 left on base; Toronto 9 - Kansas City 1
TOP OF THE 7TH
Toronto Blue Jays batting - Pitching for Kansas City Royals : RHP Nick Harmon
Batting: RHB Ruben Velasco 0-0: Ball
1-0: Ball
2-0: Called Strike
2-1: Ball
3-1: Fly out, F8 (Flyball, 8RS, EV 92.5 MPH)
Batting: RHB Kirk Arp 0-0: Ball
1-0: Ball
2-0: Ground out 5-3 (Groundball, 56S, EV 68.1 MPH)
Batting: SHB Zory Larikov 0-0: Called Strike
0-1: Ball
1-1: Reached on error, E1 (Groundball, 34S, EV 66.9 MPH)
Batting: RHB Shigem Kubo 0-0: Ball
1-0: Foul Ball, location: 2F
1-1: Ball
2-1: Foul Ball, location: 2F
2-2: Strikes out swinging
Top of the 7th over - 0 runs, 0 hits, 1 error, 1 left on base; Toronto 9 - Kansas City 1
BOTTOM OF THE 7TH
Kansas City Royals batting - Pitching for Toronto Blue Jays : LHP Stacy Hootentootin
Batting: RHB Aaron Matthews 0-0: Called Strike
0-1: Foul Ball, location: 2F
0-2: Ball
1-2: Foul Ball, location: 2F
1-2: Ground out 4-3 (Groundball, 4S, EV 87.5 MPH)
Batting: RHB Imbart Faber 0-0: Called Strike
0-1: SINGLE (Groundball, 4S, EV 70.6 MPH) (infield hit)
Pinch Hitting: RHB Jordan Diaz 0-0: Ball
1-0: Ball
2-0: Ball
3-0: Called Strike
3-1: Foul Ball, location: 2F
3-2: Strikes out swinging
Batting: RHB Alberto Rosales 0-0: Called Strike
Imbart Faber is caught stealing 2nd base 2-4
Bottom of the 7th over - 0 runs, 1 hit, 0 errors, 0 left on base; Toronto 9 - Kansas City 1
TOP OF THE 8TH
Toronto Blue Jays batting - Pitching for Kansas City Royals : RHP Nick Harmon
Pitching: RHP Tade Balder
Now in LF: Jordan Diaz
Batting: SHB Dylan Novakowski 0-0: Called Strike
0-1: Ball
1-1: Ball
2-1: Swinging Strike
2-2: Foul Ball, location: 2F
2-2: Ball
3-2: Base on Balls
Batting: RHB Tommy Mize 0-0: Ball
Dylan Novakowski steals 2nd base
1-0: Called Strike
1-1: Ground out 1-3 (Groundball, 13S, EV 66.9 MPH)
Dylan Novakowski to third
Batting: LHB Jon Schick 0-0: Ball
1-0: Foul Ball, location: 2F
1-1: Foul Ball, location: 2F
1-2: Fly out, F9 (Flyball, 9D, EV 96.3 MPH)
Runner from 3rd tags up, OUT at HOME! 9-2
Top of the 8th over - 0 runs, 0 hits, 0 errors, 0 left on base; Toronto 9 - Kansas City 1
BOTTOM OF THE 8TH
Kansas City Royals batting - Pitching for Toronto Blue Jays : LHP Stacy Hootentootin
Batting: RHB Alberto Rosales 0-0: Called Strike
0-1: Ball
1-1: Swinging Strike
1-2: Foul Ball, location: 2F
1-2: Foul Ball, location: 2F
1-2: Ball
2-2: Foul Ball, location: 2F
2-2: Ground out 4-3 (Groundball, 4S, EV 76.3 MPH)
Batting: SHB Tony Prado 0-0: Ball
1-0: Swinging Strike
1-1: Ball
2-1: Foul Ball, location: 2F
2-2: Foul Ball, location: 2F
2-2: SINGLE (Groundball, 5D, EV 106.9 MPH)
Pitching: LHP Jon Valdovinos
Batting: SHB Gareth Busby 0-0: Called Strike
0-1: Ball
1-1: Foul Ball, location: 2F
1-2: Foul Ball, location: 2F
1-2: Ball
2-2: Foul Ball, location: 2F
2-2: Ball
3-2: SINGLE (Groundball, 6MD, EV 95.0 MPH)
Tony Prado to second
Batting: LHB Mike Meyerhoff 0-0: Foul Ball, location: 2F
0-1: Called Strike
0-2: Foul Ball, location: 2F
0-2: Ball
1-2: Ball
2-2: Ball
3-2: Base on Balls
Tony Prado to third
Gareth Busby to second
Batting: RHB Mike Jaquez 0-0: Ball
1-0: Foul Ball, location: 2F
1-1: Ball
2-1: Foul Ball, location: 2F
2-2: Strikes out swinging
Batting: RHB Adam Martin 0-0: Called Strike
0-1: Ball
1-1: Foul Ball, location: 2F
1-2: Ball
2-2: Foul Ball, location: 2F
2-2: Foul Ball, location: 2F
2-2: Foul Ball, location: 2F
2-2: Foul Ball, location: 2F
2-2: Ball
3-2: Base on Balls
Tony Prado scores
Gareth Busby to third
Mike Meyerhoff to second
Batting: RHB Aaron Matthews 0-0: Ball
1-0: GRAND SLAM HOME RUN (Flyball, 7LD, EV 96.3 MPH), Distance : 345 ft
Pitching: LHP Katsumi Omura
Batting: RHB Imbart Faber 0-0: Ball
1-0: Foul Ball, location: 2F
1-1: Swinging Strike
1-2: Ball
2-2: Strikes out swinging
Bottom of the 8th over - 5 runs, 3 hits, 0 errors, 0 left on base; Toronto 9 - Kansas City 6
TOP OF THE 9TH
Toronto Blue Jays batting - Pitching for Kansas City Royals : RHP Tade Balder
Batting: LHB Gabe White 0-0: Called Strike
0-1: Foul Ball, location: 2F
0-2: Ball
1-2: Ball
2-2: Ball
3-2: SOLO HOME RUN (Flyball, 89XD, EV 106.9 MPH), Distance : 408 ft
Batting: SHB Matt Altieri 0-0: Ball
1-0: Called Strike
1-1: Ball
2-1: Ball
3-1: Base on Balls
Batting: RHB Ruben Velasco 0-0: Foul Ball, location: 2F
0-1: Ball
1-1: Ball
2-1: Ball
3-1: Grounds into double play, 5-4-3 (Groundball, 56S, EV 88.8 MPH)
Batting: RHB Kirk Arp 0-0: Ball
1-0: Ground out 6-3 (Groundball, 6, EV 102.5 MPH)
Top of the 9th over - 1 run, 1 hit, 0 errors, 0 left on base; Toronto 10 - Kansas City 6
BOTTOM OF THE 9TH
Kansas City Royals batting - Pitching for Toronto Blue Jays : LHP Katsumi Omura
Batting: RHB Jordan Diaz 0-0: Ball
1-0: Foul Ball, location: 2F
1-1: Foul Ball, location: 2F
1-2: Ball
2-2: Strikes out swinging
Batting: RHB Alberto Rosales 0-0: Swinging Strike
0-1: Ball
1-1: Fly out, F7 (Line Drive, 78M, EV 102.5 MPH)
Batting: SHB Tony Prado 0-0: Ball
1-0: Ball
2-0: Foul Ball, location: 2F
2-1: Foul Ball, location: 2F
2-2: Ball
3-2: Foul Ball, location: 2F
3-2: SINGLE (Line Drive, 8LM, EV 91.9 MPH)
Batting: SHB Gareth Busby 0-0: Ball
1-0: Foul Ball, location: 2F
1-1: Foul Ball, location: 2F
1-2: Strikes out looking
Bottom of the 9th over - 0 runs, 1 hit, 0 errors, 1 left on base; Toronto 10 - Kansas City 6
Thursday, March 31st , 2022 - OOTP Baseball 22.12 Build 89